 Dungeon Crawl Stone Soup version 0.29-a0-994-gc5c9f59d18 (webtiles) character file.

Game seed: 8199899800556778931

3658 Alarak the Destroyer (level 9, -2/45 HPs)
             Began as a Deep Elf Conjurer on Aug 3, 2022.
             Was a Follower of Sif Muna.
             Killed from afar by an acid dragon (28 damage)
             ... with a splash of acid
             ... on level 7 of the Dungeon on Aug 4, 2022.
             The game lasted 00:30:21 (8371 turns).

Alarak the Destroyer (Deep Elf Conjurer)            Turns: 8371, Time: 00:30:22

Health: -2/45      AC:  4    Str:  4    XL:     9   Next: 88%
Magic:  20/24      EV: 12    Int: 36    God:    Sif Muna [*.....]
Gold:   284        SH:  0    Dex: 13    Spells: 5/14 levels left

rFire   + . .      SeeInvis .   o - +3 quarterstaff (chaos)
rCold   x . .      Faith    .   (shield currently unavailable)
rNeg    + . .      Spirit   .   G - +1 leather armour "Giudeat" {Int+4}
rPois   .          Reflect  .   v - +0 helmet
rElec   .          Harm     .   c - +1 cloak
rCorr   .          Rampage  .   u - +0 pair of gloves
Will    .....                   (no boots)
Stlth   ++........              n - amulet of regeneration
HPRegen 0.95/turn               e - ring of magical power
MPRegen 0.19/turn               x - ring of Bofetig {rF+ rC- rN+ Int+4 Slay+4}

@: corroded
A: no striking features
a: Renounce Religion, Channel Magic


You were on level 7 of the Dungeon.
You worshipped Sif Muna.
Sif Muna was aware of your devotion.
You visited 2 branches of the dungeon, and saw 8 of its levels.

You collected 284 gold pieces.

Inventory:

Hand Weapons
 o - a +3 quarterstaff of chaos (weapon)
Armour
 a - a +0 robe
 c - a +1 cloak (worn)
 u - a +0 pair of gloves (worn)
 v - a +0 helmet (worn)
 F - a +3 leather armour of cold resistance
 G - the +1 leather armour "Giudeat" (worn) {Int+4}
   (You found it on level 7 of the Dungeon)

   Int:       It affects your intelligence (+4).
Magical Staves
 r - a staff of fire
Jewellery
 e - a ring of magical power (left hand)
 f - a +4 ring of protection
 h - a ring of fire
 k - a ring of positive energy
 n - an amulet of regeneration (around neck)
 x - the ring of Bofetig (right hand) {rF+ rC- rN+ Int+4 Slay+4}
   (You found it on level 6 of the Dungeon)

   [ring of slaying]

   Int:       It affects your intelligence (+4).
   Slay:      It affects your accuracy & damage with ranged weapons and melee
   (+4).
   rF:        It protects you from fire.
   rC:        It makes you vulnerable to cold.
   rN:        It protects you from negative energy.
Wands
 t - a wand of flame (12)
Scrolls
 d - 3 scrolls of teleportation
 i - a scroll of enchant armour
 w - a scroll of poison {unknown}
 y - 4 scrolls of identify
 z - a scroll of enchant weapon
 A - a scroll of fog {unknown}
 B - a scroll of noise {unknown}
 C - 2 scrolls of magic mapping {unknown}
Potions
 b - a potion of magic
 g - 5 potions of curing
 j - 3 potions of invisibility
 l - 2 potions of might
 m - 3 potions of lignification
 p - a potion of ambrosia
 q - 2 potions of degeneration {unknown}
 s - 2 potions of resistance {unknown}
 D - a potion of haste {unknown}
 E - a potion of brilliance {unknown}


   Skills:
 + Level 5.3 Dodging
 - Level 2.4 Stealth
 - Level 3.0 Spellcasting
 - Level 11.3 Conjurations
 - Level 10.1 Hexes
 - Level 6.2 Translocations


You had 5 spell levels left.
You knew the following spells:

 Your Spells              Type           Power      Damage    Failure   Level
a - Magic Dart            Conj           100%       1d8       1%          1
b - Fulminant Prism       Conj/Hex       35%        3d18      1%          4
c - Iskenderun's Mystic   Conj/Tloc      62%        2d13      2%          4

Your spell library contained the following spells:

 Spells                   Type           Power      Damage    Failure   Level
 Searing Ray              Conj           100%       2d8       1%          2
 Dazzling Flash           Conj/Hex       100%       N/A       1%          3
 Gell's Gravitas          Tloc           50%        N/A       1%          3
 Teleport Other           Tloc           50%        N/A       1%          3
 Dispersal                Tloc           25%        N/A       71%         6
 Starburst                Conj/Fire      23%        6d8       77%         6


Dungeon Overview and Level Annotations

Branches:
Dungeon (7/15)             Temple (1/1) D:5

Altars:
Cheibriados
Dithmenos
Elyvilon
Hepliaklqana
Kikubaaqudgha
Makhleb
Nemelex Xobeh
Ru
Sif Muna
Trog
Uskayaw
Vehumet
Wu Jian
Xom
Yredelemnul
Zin
The Shining One


Message History

Confirm with . or Enter, or press ? or * to list all spells.
Aiming: Fulminant Prism (dangerous; 1% risk of failure)
Press: ? - help, Dir - move target You conjure a prism of explosive energy!
A fulminant prism comes into view.
Sastreii's ghost hits you.
Sastreii's ghost attacks as you move away!
Sastreii's ghost barely misses you.
Your fulminant prism crackles loudly.
You hit sastreii's ghost.
Lightning courses through sastreii's ghost!!
Sastreii's ghost is almost destroyed.
Sastreii's ghost hits you.
Your fulminant prism explodes!
The blast of energy engulfs sastreii's ghost!
You destroy sastreii's ghost!
Sif Muna accepts your kill.
Your Dodging skill gained 3 levels and is now at level 5!
You start resting.
HP restored.
Magic restored.
There is an open door here.
You open the door.
There is an open door here.
You open the door.
An acid dragon comes into view.
The acid dragon roars!
Casting: Fulminant Prism (dangerous; 1% risk of failure)
Confirm with . or Enter, or press ? or * to list all spells.
Aiming: Fulminant Prism (dangerous; 1% risk of failure)
Press: ? - help, Dir - move target You conjure a prism of explosive energy!
A fulminant prism comes into view.
The acid dragon spits acid at you. The splash of acid hits you!!
The acid corrodes you!
Your fulminant prism crackles loudly.
The acid dragon spits acid at you. The splash of acid hits you!!
Ouch! That really hurt!
You die...

######.......########.#
#####.#.# #.# #.#.# #.#
#.#.# ###.# #.#.. #...#
#.#.# #.### #####.#.#
#.#
#####+#.....#.######.#
#......@....#........#
............'..#######
...?........##.#
.######'######.# #D#
#.# #.. ..# .*. #.#
...# #.# ....# ...


You could see an acid dragon (catching breath, ally target) and a friendly
fulminant prism.

Vanquished Creatures
  The ghost of sastreii the Fighter, a novice VSFi (D:7)
  Maggie (D:7)
  Prince Ribbit (D:6)
  A shadow (D:6)
  Eustachio (D:5)
  Duvessa (D:7)
  An orc warrior (D:7)
  2 ice beasts
  A black bear (D:5)
  3 ogres (D:6)
  A sky beast (D:7)
  Blork the orc (D:4)
  2 bullfrogs (D:7)
  2 necrophages (D:6)
  3 scorpions
  3 wights (D:6)
  Dowan (D:7)
  2 hounds
  5 orc priests
  Crazy Yiuf (D:3)
  Natasha (thrice) (D:3)
  9 iguanas
  8 orc wizards
  5 adders
  2 shadow imps
  3 white imps
  3 worms (D:2)
  3 dart slugs
  37 orcs
  8 ball pythons
  8 endoplasms
  3 giant cockroaches
  4 hobgoblins
  2 jackals (D:4)
  3 kobolds
  2 quokkas (D:1)
  3 bats
  A frilled lizard (D:1)
  4 goblins
  3 rats
148 creatures vanquished.

Vanquished Creatures (others)
  97 fulminant prisms
97 creatures vanquished.

Grand Total: 245 creatures vanquished

Notes
Turn   | Place    | Note
-------+----------+-------------------------------------------
     0 | D:1      | Alarak the Deep Elf Conjurer began the quest for the Orb.
     0 | D:1      | Reached XP level 1. HP: 10/10 MP: 6/6
   242 | D:1      | Reached XP level 2. HP: 15/15 MP: 5/8
   296 | D:1      | Reached skill level 5 in Conjurations
   629 | D:1      | Reached skill level 1 in Hexes
  1382 | D:2      | Reached XP level 3. HP: 18/19 MP: 2/9
  1577 | D:2      | Found a faded altar of an unknown god.
  1812 | D:2      | Reached XP level 4. HP: 24/24 MP: 3/10
  2771 | D:3      | Found a hide-covered altar of Uskayaw.
  2967 | D:3      | Noticed Natasha
  2972 | D:3      | Killed Natasha
  2973 | D:3      | Reached skill level 5 in Hexes
  3021 | D:3      | Noticed Natasha
  3029 | D:3      | Killed Natasha
  3030 | D:3      | Reached XP level 5. HP: 23/28 MP: 11/11
  3110 | D:3      | Noticed Natasha
  3114 | D:3      | Killed Natasha
  3120 | D:3      | Learned a level 4 spell: Fulminant Prism
  3294 | D:3      | Found a runed translucent door.
  3295 | D:3      | Noticed Crazy Yiuf
  3451 | D:3      | Killed Crazy Yiuf
  3613 | D:4      | Noticed Blork the orc
  3878 | D:4      | Reached XP level 6. HP: 32/32 MP: 7/12
  3900 | D:4      | Reached skill level 6 in Conjurations
  4128 | D:4      | Found an ornate altar of the Wu Jian Council.
  4256 | D:4      | Killed Blork the orc
  4606 | D:5      | Entered Level 5 of the Dungeon
  4959 | D:5      | Reached XP level 7. HP: 36/36 MP: 13/13
  5150 | D:5      | Found a staircase to the Ecumenical Temple.
  5185 | Temple   | Entered the Ecumenical Temple
  5234 | Temple   | Became a worshipper of Sif Muna the Loreminder
  5307 | D:5      | Reached skill level 10 in Hexes
  5474 | D:5      | Noticed Eustachio
  5485 | D:5      | Killed Eustachio
  5486 | D:5      | Reached skill level 7 in Conjurations
  5486 | D:5      | Reached XP level 8. HP: 41/41 MP: 8/14
  6028 | D:6      | Noticed Prince Ribbit
  6032 | D:6      | Reached skill level 8 in Conjurations
  6040 | D:6      | Killed Prince Ribbit
  6041 | D:6      | Reached skill level 9 in Conjurations
  6160 | D:6      | Identified the ring of Bofetig {rF+ rC- rN+ Int+4 Slay+4}
  6210 | D:6      | Reached skill level 10 in Conjurations
  6210 | D:6      | Noticed an angel
  6211 | D:6      | Found a glowing silver altar of Zin.
  6388 | D:6      | Reached * piety under Sif Muna
  6389 | D:6      | Reached XP level 9. HP: 29/45 MP: 10/15
  6727 | D:6      | Reached skill level 11 in Conjurations
  7312 | D:6      | Learned a level 4 spell: Iskenderun's Mystic Blast
  7318 | D:7      | Reached skill level 1 in Translocations
  7599 | D:7      | Noticed Dowan
  7601 | D:7      | Noticed Duvessa
  7612 | D:7      | Killed Dowan
  7618 | D:7      | Killed Duvessa
  7946 | D:7      | Found a bloodstained altar of Trog.
  7950 | D:7      | Reached skill level 5 in Translocations
  7974 | D:7      | Identified the +1 leather armour "Giudeat" {Int+4}
  8052 | D:7      | Found a runed translucent door.
  8078 | D:7      | Noticed Maggie
  8105 | D:7      | Killed Maggie
  8242 | D:7      | Noticed sastreii's ghost (novice VSFi)
  8251 | D:7      | Killed sastreii's ghost
  8252 | D:7      | Reached skill level 5 in Dodging
  8371 | D:7      | Killed from afar by an acid dragon

Illustrated notes

Levels and vault maps discovered:
D:1:      lightli_arrival_noodles, layout_loops_corners, minmay_pentomino_v2
D:2:      layout_basic, basic_ecumenical_altar
D:3:      layout_loops_ring, nicolae_uskayaw_murder_on_the_dancefloor,
          uniq_crazy_yiuf_cottage, uniq_natasha
D:4:      layout_cave_pools, pdpol_wu_jian_five_deadly_venoms,
          hangedman_abyss_or_decor_stagger, nicolae_kite_square_tiling_tiny,
          uniq_blork_the_orc
D:5:      layout_loops_ring, temple_pool_b, uniq_eustachio
D:6:      cheibrodos_quashed, layout_loops_ring, zin_angel, enter_ossuary_1,
          uniq_prince_ribbit1
D:7:      layout_basic, bloody_trog, ebering_ghost_reflecting_pool,
          uniq_duvessa, uniq_maggie
Temple:   nicolae_temple_ecumenical_triangle

Skill      XL: |  1  2  3  4  5  6  7  8  9 |
---------------+----------------------------+-----
Conjurations   | 5 6 7 10 11 | 11.3
Hexes          | 2 4 5 6 8 10 | 10.1
Translocations | 6 |  6.2
Dodging        | 5 |  5.3
Stealth        | |  2.4
Spellcasting   | |  3.0

Action                   |  1- 3 |  4- 6 |  7- 9 || total
-------------------------+-------+-------+-------++-------
Melee: Short sword       |     3 |       |       ||     3
       Quarterstaff      |       |    19 |     3 ||    22
 Cast: Magic Dart        |    87 |    64 |     4 ||   155
       Fulminant Prism   |       |    28 |    70 ||    98
       Iskenderun's Myst |       |       |     2 ||     2
  Use: Scroll            |     1 |     8 |       ||     9
Armor: Robe              |     1 |    17 |     6 ||    24
Dodge: Dodged            |    10 |    23 |    11 ||    44

Table legend: (Time is in decaauts)
 A = Elapsed time spent in this place.
 B = Non-inter-level travel time spent in this place.
 C = Inter-level travel time spent in this place.
 D = Time resting spent in this place.
 E = Time spent auto-exploring this place.
 F = Levels seen in this place.
 G = Mean time per level.
                   A        B        C        D        E       F      G
               +--------+--------+--------+--------+--------+-----+--------+
         Total |   8401 |   7807 |    594 |   1428 |   5368 |   8 | 1050.1 |
       Dungeon |   8342 |   7770 |    572 |   1428 |   5338 |   7 | 1191.7 |
        Temple |     58 |     37 |     21 |      0 |     30 |   1 |   58.0 |
               +--------+--------+--------+--------+--------+-----+--------+

Top non-repeatable levels by time:
     D:1: 1316 daAuts
     D:6: 1307 daAuts
     D:5: 1287 daAuts
     D:3: 1246 daAuts
     D:2: 1190 daAuts
     D:4: 1051 daAuts
     D:7: 944 daAuts
  Temple: 58 daAuts
